 Dungeon Crawl Stone Soup version 0.29.0-4-gdea44cf6ec (webtiles) character file.

Game seed: 8313224989254806459

1631 qw the Grappler (level 8, -6/78 HPs)
             Began as a Troll Cinder Acolyte on Sept 1, 2022.
             Was an Elder of Ignis.
             Mangled by a killer bee (7 damage)
             ... on level 6 of the Dungeon.
             The game lasted 00:03:02 (3772 turns).

qw the Grappler (Troll Cinder Acolyte)              Turns: 3772, Time: 00:03:02

Health: -6/78      AC: 11    Str: 28    XL:     8   Next: 65%
Magic:  8/8        EV:  9    Int: 13    God:    Ignis [****..]
Gold:   416        SH:  0    Dex:  3    Spells: 9/9 levels left

rFire   + . .      SeeInvis .     - Unarmed
rCold   . . .      Faith    .   (no shield)
rNeg    . . .      Spirit   .   a - +0 robe
rPois   +          Reflect  .   (helmet restricted)
rElec   .          Harm     .   (no cloak)
rCorr   .          Rampage  .   (gloves unavailable)
Will    .....                   (boots unavailable)
Stlth   +.........              k - amulet of the acrobat
HPRegen 1.03/turn               g - ring of poison resistance
MPRegen 0.11/turn               (no ring)

@: fiery-armoured
A: large, unfitting armour, claws 3, regeneration 1, shaggy fur 1, tough skin 1,
clever 1, strong 1, MP-powered wands
a: Renounce Religion, Fiery Armour, Foxfire Swarm, Rising Flame


You were on level 6 of the Dungeon.
You worshipped Ignis.
Ignis was greatly pleased with you.
You visited 1 branch of the dungeon, and saw 6 of its levels.

You collected 416 gold pieces.


Innate Abilities, Weirdness & Mutations

You are too large for most types of armour.
You have claws for hands.
Your natural rate of healing is unusually fast.
You are covered in fur. (AC +1)
You have tough skin. (AC +1)
Your mind is acute. (Int +4, Str/Dex -1)
Your muscles are strong. (Str +4, Int/Dex -1)
You expend magic power (3 MP) to strengthen your wands.


   Skills:
 - Level 4.1 Fighting
 - Level 2.5 Throwing
 - Level 1.5 Dodging
 + Level 10.0 Unarmed Combat
 - Level 1.0 Spellcasting
 - Level 2.1 Fire Magic


You had 9 spell levels left.
You didn't know any spells.
Your spell library contained the following spells:

 Spells                   Type           Power      Damage    Failure   Level
 Scorch                   Fire           12%        2d6       17%         2

Inventory:

Missiles
 h - 3 javelins (quivered)
 m - 3 boomerangs
Armour
 a - a +0 robe (worn)
Jewellery
 g - a ring of poison resistance (left claw)
 k - an amulet of the acrobat (around neck)
Scrolls
 b - a scroll of enchant armour
 f - a scroll of fear {unknown}
 j - a scroll of identify
Potions
 c - a potion of might
 d - a potion of invisibility {unknown}
 e - a potion of mutation
 i - a potion of berserk rage {unknown}
 o - a potion of curing
 p - a potion of degeneration {unknown}

Dungeon Overview and Level Annotations

Branches:
Dungeon (6/15)
 Temple: D:4-7

Altars:
Ashenzari
Dithmenos
Ru
Uskayaw
Vehumet

Shops:
D:2 [


Message History

The killer bee is severely wounded.
The killer bee stings you but does no damage.
The killer bee is burned by your cloak of flames.
The killer bee is almost dead.
The killer bee stings you!
The killer bee is burned by your cloak of flames.
The killer bee is moderately wounded.
You barely miss the killer bee.
The killer bee is almost dead.
The killer bee stings you.
The killer bee is burned by your cloak of flames.
The killer bee is almost dead.
The killer bee barely misses you.
The killer bee stings you but does no damage.
The killer bee is burned by your cloak of flames.
The killer bee is severely wounded.
The killer bee closely misses you. The killer bee stings you!
The killer bee is burned by your cloak of flames.
You kill the killer bee!
The killer bee stings you.
The killer bee is burned by your cloak of flames.
The killer bee is severely wounded.
The killer bee stings you!
The killer bee is burned by your cloak of flames.
You kill the killer bee!
The killer bee closely misses you.
The killer bee stings you but does no damage.
The killer bee is burned by your cloak of flames.
The killer bee is almost dead.
Your Fighting skill increases to level 4!
You scratch the killer bee but do no damage.
The killer bee is almost dead.
The killer bee stings you.
The killer bee is burned by your cloak of flames.
The killer bee is lightly wounded.
The killer bee stings you but does no damage.
The killer bee is burned by your cloak of flames.
You kill the killer bee!
The killer bee closely misses you. The killer bee stings you!
You die...

#.# #.# ###)#########
#.# #.))).......# #.#
#...........# #######'##
#.....>.....# ..........
#...........# ..........
#...........# ..........
#......yy...#########'##
#......@.....(.. #.#
#.....)%....(## #.##
###########..# #.<. ...#
#.## ... #.# #.# #.#


You could see 2 killer bees.

Vanquished Creatures
  Grinder (D:3)
  A water moccasin (D:5)
  A black bear (D:4)
  An ice beast (D:5)
  An orc warrior (D:6)
  An ogre (D:5)
  2 phantoms
  4 wights (D:6)
  3 killer bees (D:6)
  An orc priest (D:5)
  An iguana (D:6)
  Terence (D:3)
  Natasha (thrice) (D:3)
  3 orc wizards
  9 adders
  8 gnolls
  A shadow imp (D:6)
  A white imp (D:5)
  2 worms
  3 dart slugs
  13 orcs
  4 endoplasms
  7 giant cockroaches
  8 goblins
  5 hobgoblins
  6 jackals
  2 quokkas
  4 ball pythons
  5 bats
  4 frilled lizards
  6 kobolds
  6 rats (D:2)
118 creatures vanquished.

Notes
Turn   | Place    | Note
-------+----------+-------------------------------------------
     0 | D:1      | qw the Troll Cinder Acolyte began the quest for the Orb.
     0 | D:1      | Reached XP level 1. HP: 22/22 MP: 1/1
     0 | D:1      | 0 ||| qw: Version: 0.1-a-97-g2dd2ca4
     0 | D:1      | 0 ||| qw: Game counter: 4716
     0 | D:1      | 0 ||| qw: Always use a shield: true
     0 | D:1      | 0 ||| qw: God list: Okawaru
     0 | D:1      | 0 ||| qw: Allow faded altars: false
     0 | D:1      | 0 ||| qw: Do Orc after D:15 true
     0 | D:1      | 0 ||| qw: Do second Lair branch before Depths: true
     0 | D:1      | 0 ||| qw: Lair rune preference: random
     0 | D:1      | 0 ||| qw: Plans: Normal
     0 | D:1      | 0 ||| PLANNING D:1-11
    46 | D:1      | 46 ||| Stepping ~*~*~tactically~*~*~ (stealth).
   116 | D:1      | 116 ||| Stepping ~*~*~tactically~*~*~ (stealth).
   130 | D:1      | Reached XP level 2. HP: 29/29 MP: 2/2
   329 | D:1      | 329 ||| Stepping ~*~*~tactically~*~*~ (stealth).
   338 | D:1      | Found a faded altar of an unknown god.
   373 | D:1      | Reached skill level 4 in Unarmed Combat
   434 | D:1      | Reached XP level 3. HP: 30/36 MP: 3/3
   716 | D:1      | 716 ||| READING scroll labelled ZAURAI XORIVIA.
   717 | D:1      | 717 ||| READING scroll labelled JOOPUNY XEPLETRA.
   722 | D:1      | 722 ||| READING scroll labelled FIWOUH HIN MAR.
   723 | D:1      | 723 ||| READING scroll labelled CAKOGAU HEDEOR.
   848 | D:2      | Found a radiant altar of Vehumet.
   922 | D:2      | Found Keaklili's Antique Armour Shop.
   925 | D:2      | 925 ||| Stepping ~*~*~tactically~*~*~ (stealth).
  1013 | D:2      | 1013 ||| INVOKING Fiery Armour.
  1021 | D:2      | Reached skill level 5 in Unarmed Combat
  1021 | D:2      | Reached XP level 4. HP: 38/44 MP: 4/4
  1369 | D:2      | 1369 ||| UPGRADING to amulet of the acrobat.
  1374 | D:2      | 1374 ||| UPGRADING to ring of poison resistance.
  1375 | D:2      | 1375 ||| READING scroll labelled ARUDEN NORAT.
  1376 | D:2      | 1376 ||| READING scroll labelled KIDEDO YREUBB.
  1424 | D:3      | Noticed a +0 short sword
  1425 | D:3      | Noticed a +0 dagger
  1425 | D:3      | Noticed a +0 spear
  1426 | D:3      | Noticed a +0 dagger
  1426 | D:3      | Noticed a +0 falchion
  1427 | D:3      | Noticed a +0 short sword
  1427 | D:3      | Noticed a +0 falchion
  1428 | D:3      | Noticed a +0 spear
  1430 | D:3      | 1430 ||| Stepping randomly (stuck).
  1431 | D:3      | 1431 ||| Stepping randomly (stuck).
  1432 | D:3      | 1432 ||| Stepping randomly (stuck).
  1451 | D:3      | Found a hide-covered altar of Uskayaw.
  1465 | D:3      | Noticed Grinder
  1466 | D:3      | 1466 ||| Stepping ~*~*~tactically~*~*~ (stealth).
  1474 | D:3      | Noticed Terence
  1477 | D:3      | 1477 ||| INVOKING Fiery Armour.
  1478 | D:3      | Paralysed by Grinder for 3 turns
  1481 | D:3      | Killed Terence
  1482 | D:3      | Reached XP level 5. HP: 36/50 MP: 5/5
  1488 | D:3      | Killed Grinder
  1489 | D:3      | Reached skill level 7 in Unarmed Combat
  1489 | D:3      | Reached XP level 6. HP: 18/59 MP: 6/6
  1544 | D:3      | Noticed Natasha
  1545 | D:3      | 1545 ||| Stepping ~*~*~tactically~*~*~ (hiding).
  1549 | D:3      | Killed Natasha
  1637 | D:3      | Found a sacrificial altar of Ru.
  1650 | D:3      | Noticed Natasha
  1660 | D:3      | Killed Natasha
  1663 | D:3      | 1663 ||| FLEEEEING.
  1664 | D:3      | 1664 ||| FLEEEEING.
  1665 | D:3      | 1665 ||| FLEEEEING.
  1666 | D:3      | 1666 ||| FLEEEEING.
  1671 | D:3      | 1671 ||| FLEEEEING.
  1672 | D:3      | 1672 ||| FLEEEEING.
  1717 | D:3      | Noticed Natasha
  1718 | D:3      | 1718 ||| Stepping ~*~*~tactically~*~*~ (hiding).
  1728 | D:3      | Killed Natasha
  1729 | D:3      | Reached XP level 7. HP: 61/66 MP: 7/7
  1819 | D:3      | Reached skill level 1 in Throwing
  1995 | D:3      | 1995 ||| READING scroll labelled ECRUHEI NYTS.
  1996 | D:3      | 1996 ||| READING 2 scrolls of identify.
  1996 | D:3      | 1996 ||| IDENTIFYING cyan potion
  1997 | D:3      | 1997 ||| DROPPING potion of magic.
  2018 | D:4      | Reached skill level 8 in Unarmed Combat
  2047 | D:4      | Reached skill level 3 in Fighting
  2050 | D:4      | 2050 ||| Stepping ~*~*~tactically~*~*~ (stealth).
  2051 | D:4      | 2051 ||| Stepping ~*~*~tactically~*~*~ (stealth).
  2067 | D:4      | Found a broken altar of Ashenzari.
  2068 | D:4      | 2068 ||| READING 2 scrolls of identify.
  2068 | D:4      | 2068 ||| IDENTIFYING sedimented cyan potion
  2069 | D:4      | 2069 ||| DROPPING potion of lignification.
  2070 | D:4      | 2070 ||| Stepping randomly (stuck).
  2071 | D:4      | 2071 ||| Stepping randomly (stuck).
  2077 | D:4      | 2077 ||| Stepping randomly (stuck).
  2078 | D:4      | 2078 ||| Stepping randomly (stuck).
  2079 | D:4      | 2079 ||| Stepping randomly (stuck).
  2080 | D:4      | 2080 ||| Stepping randomly (stuck).
  2081 | D:4      | 2081 ||| Stepping randomly (stuck).
  2082 | D:4      | 2082 ||| Stepping randomly (stuck).
  2083 | D:4      | 2083 ||| Stepping randomly (stuck).
  2084 | D:4      | 2084 ||| Stepping randomly (stuck).
  2085 | D:4      | 2085 ||| Stepping randomly (stuck).
  2086 | D:4      | 2086 ||| Stepping randomly (stuck).
  2087 | D:4      | 2087 ||| Stepping randomly (stuck).
  2088 | D:4      | 2088 ||| Stepping randomly (stuck).
  2089 | D:4      | 2089 ||| Stepping randomly (stuck).
  2090 | D:4      | 2090 ||| Stepping randomly (stuck).
  2091 | D:4      | 2091 ||| Stepping randomly (stuck).
  2092 | D:4      | 2092 ||| Stepping randomly (stuck).
  2093 | D:4      | 2093 ||| Stepping randomly (stuck).
  2094 | D:4      | 2094 ||| Stepping randomly (stuck).
  2095 | D:4      | 2095 ||| Stepping randomly (stuck).
  2096 | D:4      | 2096 ||| Stepping randomly (stuck).
  2097 | D:4      | 2097 ||| Stepping randomly (stuck).
  2098 | D:4      | 2098 ||| Stepping randomly (stuck).
  2099 | D:4      | 2099 ||| Stepping randomly (stuck).
  2100 | D:4      | 2100 ||| Stepping randomly (stuck).
  2101 | D:4      | 2101 ||| Stepping randomly (stuck).
  2102 | D:4      | 2102 ||| Stepping randomly (stuck).
  2103 | D:4      | 2103 ||| Stepping randomly (stuck).
  2104 | D:4      | 2104 ||| Stepping randomly (stuck).
  2105 | D:4      | 2105 ||| Stepping randomly (stuck).
  2106 | D:4      | 2106 ||| Stepping randomly (stuck).
  2107 | D:4      | 2107 ||| Stepping randomly (stuck).
  2108 | D:4      | 2108 ||| Stepping randomly (stuck).
  2109 | D:4      | 2109 ||| Stepping randomly (stuck).
  2110 | D:4      | 2110 ||| Stepping randomly (stuck).
  2111 | D:4      | 2111 ||| Stepping randomly (stuck).
  2112 | D:4      | 2112 ||| Stepping randomly (stuck).
  2114 | D:4      | 2114 ||| Stepping randomly (stuck).
  2115 | D:4      | 2115 ||| Stepping randomly (stuck).
  2116 | D:4      | 2116 ||| Stepping randomly (stuck).
  2117 | D:4      | 2117 ||| Stepping randomly (stuck).
  2118 | D:4      | 2118 ||| Stepping randomly (stuck).
  2119 | D:4      | 2119 ||| Stepping randomly (stuck).
  2120 | D:4      | 2120 ||| Stepping randomly (stuck).
  2121 | D:4      | 2121 ||| Stepping randomly (stuck).
  2122 | D:4      | 2122 ||| Stepping randomly (stuck).
  2123 | D:4      | 2123 ||| Stepping randomly (stuck).
  2124 | D:4      | 2124 ||| Stepping randomly (stuck).
  2125 | D:4      | 2125 ||| Stepping randomly (stuck).
  2126 | D:4      | 2126 ||| Stepping randomly (stuck).
  2127 | D:4      | 2127 ||| Stepping randomly (stuck).
  2128 | D:4      | 2128 ||| Stepping randomly (stuck).
  2129 | D:4      | 2129 ||| Stepping randomly (stuck).
  2130 | D:4      | 2130 ||| Stepping randomly (stuck).
  2131 | D:4      | 2131 ||| Stepping randomly (stuck).
  2132 | D:4      | 2132 ||| Stepping randomly (stuck).
  2133 | D:4      | 2133 ||| Stepping randomly (stuck).
  2134 | D:4      | 2134 ||| Stepping randomly (stuck).
  2135 | D:4      | 2135 ||| Stepping randomly (stuck).
  2136 | D:4      | 2136 ||| Stepping randomly (stuck).
  2137 | D:4      | 2137 ||| Stepping randomly (stuck).
  2138 | D:4      | 2138 ||| Stepping randomly (stuck).
  2139 | D:4      | 2139 ||| Stepping randomly (stuck).
  2141 | D:4      | 2141 ||| Stepping randomly (stuck).
  2142 | D:4      | 2142 ||| Stepping randomly (stuck).
  2143 | D:4      | 2143 ||| Stepping randomly (stuck).
  2144 | D:4      | 2144 ||| Stepping randomly (stuck).
  2145 | D:4      | 2145 ||| Stepping randomly (stuck).
  2146 | D:4      | 2146 ||| Stepping randomly (stuck).
  2147 | D:4      | 2147 ||| Stepping randomly (stuck).
  2148 | D:4      | 2148 ||| Stepping randomly (stuck).
  2149 | D:4      | 2149 ||| Stepping randomly (stuck).
  2150 | D:4      | 2150 ||| Stepping randomly (stuck).
  2151 | D:4      | 2151 ||| Stepping randomly (stuck).
  2152 | D:4      | 2152 ||| Stepping randomly (stuck).
  2153 | D:4      | 2153 ||| Stepping randomly (stuck).
  2154 | D:4      | 2154 ||| Stepping randomly (stuck).
  2155 | D:4      | 2155 ||| Stepping randomly (stuck).
  2156 | D:4      | 2156 ||| Stepping randomly (stuck).
  2435 | D:4      | 2435 ||| READING scroll labelled XOMEUN GEXA.
  2436 | D:4      | 2436 ||| DRINKING 2 coppery potions.
  2437 | D:4      | 2437 ||| DROPPING potion of flight.
  2465 | D:5      | Entered Level 5 of the Dungeon
  2477 | D:5      | 2477 ||| Stepping ~*~*~tactically~*~*~ (hiding).
  2534 | D:5      | Found a shadowy altar of Dithmenos.
  2589 | D:5      | 2589 ||| Stepping ~*~*~tactically~*~*~ (hiding).
  2596 | D:5      | 2596 ||| Stepping ~*~*~tactically~*~*~ (outnumbered).
  2597 | D:5      | 2597 ||| Stepping ~*~*~tactically~*~*~ (outnumbered).
  2598 | D:5      | 2598 ||| Stepping ~*~*~tactically~*~*~ (outnumbered).
  2599 | D:5      | 2599 ||| Stepping ~*~*~tactically~*~*~ (outnumbered).
  2600 | D:5      | 2600 ||| Stepping ~*~*~tactically~*~*~ (outnumbered).
  2602 | D:5      | 2602 ||| Stepping ~*~*~tactically~*~*~ (outnumbered).
  2603 | D:5      | 2603 ||| Stepping ~*~*~tactically~*~*~ (outnumbered).
  2604 | D:5      | 2604 ||| Stepping ~*~*~tactically~*~*~ (outnumbered).
  2690 | D:5      | Reached skill level 9 in Unarmed Combat
  2778 | D:5      | 2778 ||| Stepping ~*~*~tactically~*~*~ (hiding).
  3027 | D:5      | Reached XP level 8. HP: 62/75 MP: 8/8
  3362 | D:5      | Reached skill level 1 in Dodging
  3485 | D:5      | 3485 ||| READING scroll labelled CIKLYAROFO.
  3486 | D:5      | 3486 ||| READING scroll labelled YSAHIORIOS.
  3487 | D:5      | 3487 ||| DRINKING 2 metallic grey potions.
  3488 | D:5      | 3488 ||| DRINKING 2 viscous inky potions.
  3488 | D:5      | Gained mutation: You expend magic power (3 MP) to
                  | strengthen your wands. [potion of mutation]
  3488 | D:5      | Gained mutation: Your mind is acute. (Int +4, Str/Dex -1)
                  | [potion of mutation]
  3488 | D:5      | Gained mutation: Your muscles are strong. (Str +4, Int/Dex
                  | -1) [potion of mutation]
  3489 | D:5      | 3489 ||| DRINKING 2 lumpy pink potions.
  3490 | D:5      | 3490 ||| READING 2 scrolls of identify.
  3490 | D:5      | 3490 ||| IDENTIFYING fuming cyan potion
  3535 | D:6      | 3535 ||| FLEEEEING.
  3538 | D:6      | 3538 ||| Stepping ~*~*~tactically~*~*~ (outnumbered).
  3539 | D:6      | 3539 ||| Stepping ~*~*~tactically~*~*~ (outnumbered).
  3540 | D:6      | 3540 ||| Stepping ~*~*~tactically~*~*~ (outnumbered).
  3541 | D:6      | 3541 ||| Stepping ~*~*~tactically~*~*~ (outnumbered).
  3544 | D:6      | 3544 ||| INVOKING Fiery Armour.
  3544 | D:6      | HP: 18/75 [orc warrior/+0 long sword (7)]
  3545 | D:6      | 3545 ||| READING scroll of teleportation.
  3546 | D:6      | 3546 ||| DRINKING potion of heal wounds.
  3549 | D:6      | HP: 16/75 [iguana (9)]
  3720 | D:6      | 3720 ||| Stepping ~*~*~tactically~*~*~ (outnumbered).
  3723 | D:6      | Reached skill level 10 in Unarmed Combat
  3766 | D:6      | 3766 ||| Stepping ~*~*~tactically~*~*~ (outnumbered).
  3769 | D:6      | 3769 ||| INVOKING Fiery Armour.
  3771 | D:6      | HP: 18/78 [killer bee (3)]
  3771 | D:6      | HP: 1/78 [killer bee (8)]
  3772 | D:6      | Mangled by a killer bee

Levels and vault maps discovered:
D:1:      matt_arrival_refuge, layout_loops_ring,
          chequers_ecumenical_altar_island
D:2:      layout_loops_cross, serial_shops, nicolae_shop_crystal, basic_altar
D:3:      layout_rooms, nicolae_uskayaw_en_pointe, lemuel_crystal_altar,
          grunt_ministairs_3, serial_bayou_lake_a, uniq_natasha, uniq_grinder,
          uniq_terence
D:4:      layout_rooms, nicolae_ashenzari_skybound, minmay_misc_feat_diagonals
D:5:      layout_gridville, mainiacjoe_overflow_cross_hatched, corexii_shack,
          minmay_misc_feat_columns
D:6:      layout_basic, nicolae_vehumet_altar_sigil, kennysheep_slug_shrine

Skill      XL: |  1  2  3  4  5  6  7  8 |
---------------+-------------------------+-----
Unarmed Combat | 4 5 7 9 10 | 10.0
Throwing       | 2 |  2.5
Fighting       | 3 4 |  4.1
Dodging        | 1 |  1.5
Spellcasting   | |  1.0
Fire Magic     | |  2.1

Action                   |  1- 3 |  4- 6 |  7- 9 || total
-------------------------+-------+-------+-------++-------
Melee: Unarmed           |    96 |    79 |   114 ||   289
       Punch             |       |     4 |     3 ||     7
Throw: Javelin           |       |       |    41 ||    41
Invok: Fiery Armour      |     1 |     1 |     2 ||     4
  Use: Scroll            |     4 |     2 |     8 ||    14
       Potion            |       |       |     5 ||     5
Armor: Robe              |    29 |    23 |    32 ||    84
Dodge: Dodged            |    35 |    39 |    57 ||   131

Table legend:
 A = Non-vault XP
 B = Vault XP
 C = Vault XP percentage of total XP
 D = Non-vault monster count
 E = Vault monster count
 F = Vault count percentage of total count
                 A         B        C        D         E       F
            +---------+---------+-------+---------+---------+-------
      Total |    2003 |     388 |  16.2 |     112 |       6 |   5.1
            +---------+---------+-------+---------+---------+-------
        D:1 |      45 |       0 |   0.0 |      25 |       0 |   0.0
        D:2 |     117 |       0 |   0.0 |      27 |       0 |   0.0
        D:3 |     223 |     386 |  63.4 |      23 |       5 |  17.9
        D:4 |     153 |       0 |   0.0 |       8 |       0 |   0.0
        D:5 |     673 |       2 |   0.3 |      15 |       1 |   6.2
        D:6 |     792 |       0 |   0.0 |      14 |       0 |   0.0
            +---------+---------+-------+---------+---------+-------
